 Dungeon Crawl Stone Soup version 0.16-a0-3308-g116f5c4 (webtiles) character file.

44 BluebellGnoll the Ogre Mage (level 3, 0/31 HPs)
             Began as an Ogre Fire Elementalist on Dec 26, 2014.
             Slain by a rat (3 damage)
             ... on level 2 of the Dungeon.
             The game lasted 00:04:23 (1186 turns).

BluebellGnoll the Ogre Mage (OgFE)                  Turns: 1186, Time: 00:04:23

Health: 0/31       AC:  3    Str: 13    XL:     3   Next: 60%
Magic:  9/9        EV: 10    Int: 15    God:
Gold:   63         SH:  0    Dex: 10    Spells: 4 memorised, 1 level left

rFire  . . .     SeeInvis .     g - +0 club (curse)
rCold  . . .     Clarity  .     a - +0 robe
rNeg   . . .     SustAb   .     (shield restricted)
rPois  .         Gourm    .     (helmet restricted)
rElec  .         Spirit   .     (no cloak)
rCorr  .         Warding  .     (gloves unavailable)
rMut   .         Stasis   .     (boots unavailable)
MR     .....                    (no amulet)
Stlth  +.........               (no ring)
                                (no ring)

@: not resistant to hostile enchantments, very unstealthy
A: unfitting armour, tough skin 1
a: no special abilities


You were on level 2 of the Dungeon.
You were not hungry.

You visited 1 branch of the dungeon, and saw 2 of its levels.

You collected 63 gold pieces.

Inventory:

Hand weapons
 g - a cursed +0 club (weapon)
Missiles
 d - 18 poisoned needles
 e - 13 stones (quivered)
 h - 18 steel sling bullets
Armour
 a - a +0 robe (worn)
Scrolls
 k - a scroll of teleportation {unknown}
Potions
 i - a potion of curing {unknown}
 j - a potion of magic {unknown}
Books
 b - a book of Flames

   Spells                             Type                      Level
   a - Flame Tongue                   Conjuration/Fire             1
   b - Throw Flame                    Conjuration/Fire             2
   c - Conjure Flame                  Conjuration/Fire             3
   d - Inner Flame                    Hexes/Fire                   3
   e - Sticky Flame                   Conjuration/Fire             4
   f - Fireball                       Conjuration/Fire             5
Comestibles
 c - 2 meat rations


   Skills:
 + Level 1.0 Maces & Flails
 - Level 1.7 Dodging
 - Level 1.5 Stealth
 - Level 4.2 Spellcasting
 - Level 0.6 Conjurations
 - Level 2.1 Fire Magic


You had one spell level left.
You knew the following spells:

 Your Spells              Type           Power        Failure   Level  Hunger
a - Flame Tongue          Conj/Fire      #....        12%         1    None
b - Throw Flame           Conj/Fire      #.....       17%         2    ##.....
c - Conjure Flame         Conj/Fire      #.......     34%         3    ###....
d - Inner Flame           Hex/Fire       #.......     34%         3    ###....


Dungeon Overview and Level Annotations

Branches:
Dungeon (2/15)

Altars:
Yredelemnul


Innate Abilities, Weirdness & Mutations

You are too large for most types of armour.
You have tough skin (AC +1).


Message History

You hit the kobold but do no damage. The kobold hits you with a short sword.
The kobold misses you.
A rat comes into view.
You closely miss the kobold. The kobold hits you but does no damage.
You barely miss the kobold. The kobold hits you with a short sword.
You barely miss the kobold.
The rat twitches its whiskers.
The rat bites you. The kobold hits you with a short sword.
The rat closely misses you.
You barely miss the kobold. The kobold hits you but does no damage.
The rat closely misses you. The kobold hits you but does no damage.
You barely miss the kobold. The rat misses you. The kobold barely misses you.
You closely miss the kobold. The rat bites you.
The kobold hits you with a short sword.
You closely miss the kobold. The rat bites you.
* * * LOW HITPOINT WARNING * * *
The kobold hits you with a short sword.
* * * LOW HITPOINT WARNING * * *
The rat bites you.
You die...

. #. #.## ...##
...#### ......#
#.... #Kr# #@.#
#.## #.#####(###.#
#...........#
########.######
.........#
.#...##..#########
..................
#...##..#########


You could see a kobold and a rat.

Vanquished Creatures
  An adder (D:2)
  A worm (D:2)
  9 bats
  3 giant cockroaches (D:1)
  6 goblins (D:1)
  3 hobgoblins (D:1)
  2 kobolds (D:1)
  2 rats (D:1)
27 creatures vanquished.

Notes
Turn   | Place    | Note
--------------------------------------------------------------
     0 | D:1      | BluebellGnoll, the Ogre Fire Elementalist, began the quest for the Orb.
     0 | D:1      | Reached XP level 1. HP: 16/16 MP: 3/3
    84 | D:1      | Reached skill level 3 in Spellcasting
    90 | D:1      | Reached XP level 2. HP: 16/24 MP: 0/6
    94 | D:1      | Learned a level 2 spell: Throw Flame
   583 | D:1      | Reached XP level 3. HP: 23/31 MP: 8/8
   610 | D:1      | Learned a level 3 spell: Conjure Flame
   614 | D:1      | Learned a level 3 spell: Inner Flame
   949 | D:2      | Reached skill level 4 in Spellcasting
   990 | D:2      | Found a basalt altar of Yredelemnul.
  1023 | D:2      | Reached skill level 1 in Maces & Flails
  1186 | D:2      | Slain by a rat

Action                   || total
-------------------------++-------
Melee: Dagger            ||     5
       Club              ||    40
 Cast: Flame Tongue      ||    32
  Use: Scroll            ||     1
  Eat: Chunk             ||     1
